 Dungeon Crawl Stone Soup version 0.25-a0-875-geaba134f46 (webtiles) character file.

Game seed: 12050642336917493635, levelgen mode: classic

18634 Amnesiac the Sorcerer (level 12, 0/64 HPs)
             Began as a Deep Elf Wizard on May 2, 2020.
             Was a High Priest of Vehumet.
             Hit by a large rock thrown by a cyclops (31 damage)
             ... on level 1 of the Orcish Mines.
             The game lasted 00:43:05 (13186 turns).

Amnesiac the Sorcerer (Deep Elf Wizard)            Turns: 13186, Time: 00:43:06

Health: 0/64       AC:  9    Str:  9      XL:     12   Next: 29%
Magic:  49/49      EV: 13    Int: 35      God:    Vehumet [*****.]
Gold:   751        SH:  5    Dex: 12 (13) Spells: 34/55 levels left

rFire    + . .     SeeInvis +   a - +2 dagger (venom)
rCold    . . .     Gourm    .   F - +0 buckler of Beogh's Benevolence {+Fly Int+8}
rNeg     . . .     Faith    .   D - +2 robe {rF+}
rPois    .         Spirit   .   (no helmet)
rElec    .         Reflect  .   l - +2 cloak {+Inv}
rCorr    .         Harm     .   B - +0 pair of gloves {Str+3}
MR       +....                  n - +0 pair of boots
Stlth    ++........             m - amulet of the acrobat
HPRegen  0.20/turn              (no ring)
MPRegen  0.31/turn              H - ring of magical power

@: no status effects
A: see invisible, deterioration 1, dopey 1, screaming 1, strong 1, evolution 1
a: Renounce Religion, Evoke Invisibility, Evoke Flight


You were on level 1 of the Orcish Mines.
You worshipped Vehumet.
Vehumet was extremely pleased with you.
You were not hungry.

You visited 3 branches of the dungeon, and saw 13 of its levels.
You also visited: Bailey.

You collected 865 gold pieces.
You spent 114 gold pieces at shops.

Inventory:

Hand Weapons
 a - a +2 dagger of venom (weapon)
 b - a +2 scimitar
Missiles
 q - 59 poisoned darts (quivered)
Armour
 l - a +2 cloak of invisibility (worn)
 n - a +0 pair of boots (worn)
 B - a +0 pair of gloves of strength (worn)
 D - a +2 robe of fire resistance (worn)
 F - the +0 buckler of Beogh's Benevolence (worn) {+Fly Int+8}
   (You found it on level 5 of the Dungeon)

   It affects your intelligence (+8).
   It lets you fly.
Jewellery
 m - an amulet of the acrobat (around neck)
 H - a ring of magical power (right hand)
 I - an uncursed ring of flight
Wands
 k - a wand of iceblast (3)
 s - a wand of random effects (37)
 v - a wand of disintegration (8)
 E - a wand of acid (2)
 G - a wand of clouds (4)
 L - a wand of paralysis (4)
 N - a wand of flame (24)
Scrolls
 e - 2 scrolls of amnesia {!r}
 f - 3 scrolls of remove curse {!r}
 g - a scroll of magic mapping {!r}
 h - 4 scrolls of identify {!r}
 j - 7 scrolls of teleportation {!r}
 p - 3 scrolls of enchant armour {!r}
 r - 4 scrolls of blinking {!r}
 y - 3 scrolls of fear {!r}
 C - 5 scrolls of enchant weapon {!r}
 J - 2 scrolls of vulnerability {!r}
 K - 2 scrolls of fog {!r}
 O - a scroll of acquirement {!r, unknown}
Potions
 c - 2 potions of curing {!q}
 o - 2 potions of cancellation {!q}
 t - a potion of flight {!q}
 u - a potion of mutation {!q}
 w - 4 potions of lignification {!q}
 x - a potion of invisibility {!q, unknown}
 z - a potion of berserk rage {!q}
 A - a potion of haste {!q}
 M - 2 potions of heal wounds {!q}
Comestibles
 d - 17 rations
 i - 3 chunks of flesh


   Skills:
 - Level 3.0 Fighting
 - Level 3.0 Dodging
 - Level 3.0 Stealth
 - Level 4.0 Shields
 + Level 22.2 Spellcasting
 - Level 1.1 Conjurations
 - Level 1.1 Summonings
 - Level 1.1 Translocations
 - Level 3.0 Evocations


You had 34 spell levels left.
You knew the following spells:

 Your Spells              Type           Power        Failure   Level  Hunger
a - Shock                 Conj/Air       ####         1%          1    None
b - Call Imp              Summ           #####...     1%          2    None
d - Mephitic Cloud        Conj/Pois/Air  #####...     1%          3    None
e - Bolt of Magma         Conj/Fire/Erth #####.....   4%          5    None
f - Irradiate             Conj/Tmut      #####.....   4%          5    None
s - Conjure Flame         Conj/Fire      #####...     1%          3    None
v - Blink                 Tloc           N/A          1%          2    None

Your spell library contained the following spells:

 Spells                   Type           Power        Failure   Level  Hunger
 Conjure Ball Lightning   Conj/Air       #####.....   22%         6    None
 Corona                   Hex            #####..      1%          1    None
 Foxfire                  Conj/Fire      ####         1%          1    None
 Magic Dart               Conj           ####         1%          1    None
 Ensorcelled Hibernation  Hex/Ice        #####.       1%          2    None
 Slow                     Hex            #####...     1%          2    None
 Dazzling Flash           Conj/Hex       #####.       1%          3    None
 Gell's Gravitas          Tloc           #####.....   1%          3    None
 Inner Flame              Hex/Fire       #####...     1%          3    None
 Sticky Flame             Conj/Fire      #####...     1%          4    None
 Confusing Touch          Hex            #####...     2%          3    None
 Tukima's Dance           Hex            #####...     2%          3    None
 Fireball                 Conj/Fire      #####.....   4%          5    None
 Yara's Violent Unravell  Hex/Tmut       #####.....   5%          5    None
 Petrify                  Tmut/Erth      #####...     7%          4    None
 Metabolic Englaciation   Hex/Ice        #####.....   21%         5    None


Dungeon Overview and Level Annotations

Branches:
Dungeon (11/15)            Temple (1/1) D:5            Lair (0/6) D:8
    Orc (1/2) D:11         Bailey (visited)

Altars:
Ashenzari
Cheibriados
Dithmenos
Elyvilon
Fedhas
Gozag
Hepliaklqana
Kikubaaqudgha
Makhleb
Nemelex Xobeh
Okawaru
Qazlal
Ru
Sif Muna
Trog
Uskayaw
Vehumet
Wu Jian
Xom
Yredelemnul
Zin
The Shining One

Shops:
D:6 [:   D:8 (   D:11 *

Annotations:
D:5 1 runed translucent door


Innate Abilities, Weirdness & Mutations

You have supernaturally acute eyesight. (SInv)
Your body sometimes deteriorates upon taking damage.
You are dopey. (Int -2)
You occasionally shout uncontrollably at your foes.
Your muscles are strong. (Str +2)
You evolve.


Message History

Things that are here:
a +0 plate armour; a +0 long sword
Things that are here:
a +0 chain mail; a +3 long sword
Things that are here:
a +0 giant club; a +0 robe; a +0 dagger
Things that are here:
a +0 leather armour; a +0 hand axe An orc warrior comes into view.
It is wielding a +0 scimitar.
You shout at the orc warrior!
You hear a shout! x2
You see here 14 gold pieces.
An orc warrior is nearby!
An orc warrior is nearby!
An orc warrior is nearby!
An orc warrior is nearby!
An orc warrior is nearby!
A cyclops comes into view.
Casting: Bolt of Magma (dangerous; 4% risk of failure)
Confirm with . or Enter, or press ? or * to list all spells.
Aiming: Bolt of Magma (dangerous; 4% risk of failure)
Press: ? - help, Shift-Dir - straight line, f - orc warrior
Aim: an orc warrior, wielding a +0 scimitar and wearing a +0 chain mail The bolt of magma hits the orc warrior!!
The orc warrior is severely wounded.
The cyclops throws a large rock.
The large rock barely misses you.
You see here a large rock.
The cyclops throws a large rock.
The large rock hits you!!!
Ouch! That really hurt!
* * * LOW HITPOINT WARNING * * *
You see here a large rock.
Things that are here:
a +0 leather armour; a +0 hand axe
Things that are here:
a +0 giant club; a +0 robe; a +0 dagger You are feeling hungry.
Things that are here:
a +0 chain mail; a +3 long sword You see here a +0 ring mail.
Casting: Bolt of Magma (dangerous; 4% risk of failure)
Confirm with . or Enter, or press ? or * to list all spells.
Aiming: Bolt of Magma (dangerous; 4% risk of failure)
Press: ? - help, Shift-Dir - straight line, f/p - orc warrior
Aim: an orc warrior, wielding a +0 scimitar and wearing a +0 chain mail (severely wounded)
The bolt of magma hits the orc warrior!!
You kill the orc warrior!
Vehumet accepts your kill.
You feel your power returning.
Items here: )) [[ a +0 glaive; a +0 chain mail; a cursed -2 plate armour; a +0 halberd
Items here: ))) [[[
Items here: ))) [ a +0 dire flail x2; a +0 plate armour; a cursed -1 long sword
There is a staircase back to the Dungeon, spattered with blood here.
Things that are here:
a +0 plate armour; a +0 great sword Eating one of 4 chunks of flesh.
You eat one of the 4 chunks of flesh.
This raw flesh tastes terrible.
You start resting.
Magic restored.
You start resting.
The cyclops is too close now for your liking.
The cyclops throws a large rock.
The large rock hits you!!
You die...

###.## ##.#..##[..#*,,,,, ##....#
###.##...C...#*,,,,,
####....####....##......#*,,,,,
##.###.#####....##.......#*,,,,,
#...##.##.#............#.#*,,,,,
##.#..............)).....#*,,,,,
###...............)....[..#*,,,,,
.#.............[.)[.#..>..#***,,,
....#...#.......@>..#.....# **+*
....##.###.##..#[......#..#***,,,
...#######.####.....#.....#*,,,,,
.### ##...##......##.#..#*,,,,,
..# ##.#..###....#####..#*,,,,,
.## #......##...## ##.#*,,,,, ##
##.##.##.....* *##*,,,,,
##*#####.#.## *,,,,, ##### *,,,,,


You could see a cyclops.

Vanquished Creatures
  An orc warlord (Orc:1)
  An ettin (Orc:1)
  Josephine (Orc:1)
  2 two-headed ogres
  An orc high priest (Orc:1)
  2 orc knights (Orc:1)
  Pikel (D:5)
  An ugly thing (D:11)
  Maurice (D:10)
  2 trolls (Orc:1)
  A hornet (D:8)
  2 hippogriffs
  Sigmund (D:5)
  4 wraiths (Orc:1)
  7 yaks
  3 hogs (D:7)
  A hungry ghost (D:3)
  6 humans
  A warg (Orc:1)
  Duvessa (D:7)
  24 orc warriors
  A sky beast (D:11)
  3 slaves (D:5)
  2 ice beasts
  2 black bears
  3 phantoms
  A necrophage (D:9)
  6 ogres
  12 centaurs
  7 bullfrogs
  A big kobold (D:8)
  A wyvern zombie (D:9)
  A wyvern skeleton (D:8)
  Dowan (D:7)
  3 scorpions
  4 killer bees (D:11)
  6 wights
  5 howler monkeys
  A crimson imp (D:11)
  A centaur zombie (D:7)
  11 hounds
  A bullfrog skeleton (D:6)
  3 jellies
  5 orc priests
  11 orc wizards
  Ijyb (D:5)
  4 iguanas
  5 worker ants
  A killer bee zombie (D:5)
  A hound zombie (D:8)
  A hound skeleton (D:4)
  2 worker ant zombies
  A howler monkey zombie (D:6)
  7 gnolls
  A howler monkey skeleton (D:5)
  8 adders
  2 shadow imps
  An ooze (D:1)
  An adder skeleton (D:3)
  7 dart slugs
  4 leopard geckos
  46 orcs
  10 bats
  5 giant cockroaches
  9 hobgoblins
  22 jackals
  32 kobolds
  7 quokkas
  6 frilled lizards
  15 goblins
  A jackal zombie (D:7)
  A leopard gecko skeleton (D:4)
  A leopard gecko zombie (D:7)
  18 rats
376 creatures vanquished.

Vanquished Creatures (collateral kills)
  A scorpion (D:5)
  A crimson imp (D:6)
  An orc priest (D:4)
  A leopard gecko (D:7)
  An orc (D:4)
5 creatures vanquished.

Vanquished Creatures (others)
  A leopard gecko (D:10)
1 creature vanquished.

Grand Total: 382 creatures vanquished

Notes
Turn   | Place    | Note
-------+----------+-------------------------------------------
     0 | D:1      | Amnesiac the Deep Elf Wizard began the quest for the Orb.
     0 | D:1      | Reached XP level 1. HP: 10/10 MP: 7/7
   127 | D:3      | Reached skill level 5 in Spellcasting
   253 | D:2      | Reached XP level 2. HP: 15/15 MP: 8/10
   257 | D:2      | Learned a level 2 spell: Blink
   260 | D:2      | Learned a level 2 spell: Call Imp
   492 | D:3      | Reached XP level 3. HP: 19/19 MP: 6/12
   497 | D:3      | Learned a level 3 spell: Conjure Flame
   501 | D:3      | Learned a level 3 spell: Mephitic Cloud
   554 | D:3      | Reached skill level 6 in Spellcasting
   554 | D:3      | Reached skill level 1 in Evocations
   787 | D:3      | Found an iron altar of Okawaru.
   806 | D:3      | Found a white marble altar of Elyvilon.
   906 | D:4      | Reached XP level 4. HP: 21/24 MP: 9/14
   917 | D:4      | Noticed an ogre
   936 | D:4      | Killed an ogre
   936 | D:4      | Reached XP level 5. HP: 4/28 MP: 3/15
   960 | D:4      | Reached skill level 1 in Fighting
  1261 | D:4      | Noticed a phantom
  1374 | D:4      | You fall into a shaft and drop 1 floor!
  1374 | D:5      | Entered Level 5 of the Dungeon
  1620 | D:5      | Found a staircase to the Ecumenical Temple.
  1629 | Temple   | Entered the Ecumenical Temple
  1736 | Temple   | Became a worshipper of Vehumet
  2216 | D:1      | Reached XP level 6. HP: 27/35 MP: 9/17
  2277 | D:1      | Reached * piety under Vehumet
  2277 | D:1      | Offered knowledge of Foxfire by Vehumet.
  3345 | D:3      | Noticed a hungry ghost
  3352 | D:3      | Killed a hungry ghost
  3352 | D:3      | Reached skill level 7 in Spellcasting
  3526 | D:3      | Reached skill level 8 in Spellcasting
  3526 | D:3      | Reached XP level 7. HP: 23/41 MP: 6/20
  3656 | D:3      | Reached ** piety under Vehumet
  3660 | D:3      | Offered knowledge of Shock by Vehumet.
  3667 | D:3      | Learned a level 1 spell: Shock
  3871 | D:4      | Reached skill level 9 in Spellcasting
  4300 | D:4      | Reached skill level 10 in Spellcasting
  4538 | D:4      | Reached XP level 8. HP: 39/46 MP: 20/24
  4724 | D:5      | Noticed Ijyb
  4735 | D:5      | Killed Ijyb
  4735 | D:5      | Reached skill level 11 in Spellcasting
  4827 | D:5      | Noticed Pikel
  4837 | D:5      | Killed Pikel
  4924 | D:5      | Noticed an angel
  4925 | D:5      | Found a glowing silver altar of Zin.
  4927 | D:5      | Found a runed translucent door.
  5026 | D:5      | Noticed Sigmund
  5033 | D:5      | Killed Sigmund
  5413 | D:5      | Got a dazzling buckler
  5567 | D:6      | Reached skill level 12 in Spellcasting
  5616 | D:6      | Offered knowledge of Ignite Poison by Vehumet.
  5651 | D:6      | Found Gehosuh's Book Shop.
  5781 | D:6      | Reached XP level 9. HP: 49/50 MP: 17/27
  5868 | D:6      | Reached *** piety under Vehumet
  5931 | D:6      | Reached skill level 13 in Spellcasting
  5969 | D:6      | Identified the +0 buckler of Beogh's Benevolence {+Fly
                  | Int+8} (You found it on level 5 of the Dungeon)
  6237 | D:6      | Found a stormy altar of Qazlal.
  6328 | D:6      | Found Kamiumue's Antique Armour Shoppe.
  6423 | D:7      | Offered knowledge of Static Discharge by Vehumet.
  6539 | D:7      | Noticed Dowan
  6550 | D:7      | Reached skill level 14 in Spellcasting
  6553 | D:7      | Noticed Duvessa
  7077 | D:7      | Killed Dowan
  7210 | D:7      | Reached skill level 15 in Spellcasting
  7347 | D:7      | Reached XP level 10. HP: 34/56 MP: 24/31
  7486 | D:7      | Killed Duvessa
  7548 | D:8      | Found Fir Kynt's Weapon Emporium.
  7569 | D:8      | Reached **** piety under Vehumet
  7601 | D:8      | Reached skill level 16 in Spellcasting
  7640 | D:8      | Offered knowledge of Bolt of Magma by Vehumet.
  7880 | D:8      | Noticed a two-headed ogre
  7903 | D:8      | Killed a two-headed ogre
  7903 | D:8      | Reached skill level 17 in Spellcasting
  7931 | D:8      | Found a glowing golden altar of the Shining One.
  8057 | D:8      | Found an ancient bone altar of Kikubaaqudgha.
  8089 | D:8      | Gained mutation: Your body sometimes deteriorates upon
                  | taking damage. [potion of mutation]
  8089 | D:8      | Gained mutation: Your muscles are strong. (Str +2) [potion
                  | of mutation]
  8089 | D:8      | Gained mutation: You are agile. (Dex +2) [potion of
                  | mutation]
  8089 | D:8      | Gained mutation: Your muscles are very strong. (Str +4)
                  | [potion of mutation]
  8194 | D:8      | Found a staircase to the Lair.
  8998 | D:9      | Noticed a two-headed ogre
  9027 | D:9      | Killed a two-headed ogre
  9027 | D:9      | Reached skill level 18 in Spellcasting
  9064 | D:9      | Learned a level 5 spell: Bolt of Magma
  9550 | D:10     | Entered Level 10 of the Dungeon
  9562 | D:10     | Noticed Maurice
  9569 | D:10     | Killed Maurice
  9763 | D:10     | Reached XP level 11. HP: 24/59 MP: 31/35
  9803 | D:10     | Reached ***** piety under Vehumet
  9822 | D:10     | Offered knowledge of Irradiate by Vehumet.
  9829 | D:10     | Learned a level 5 spell: Irradiate
  9901 | D:10     | Reached skill level 19 in Spellcasting
 10897 | D:11     | Gained mutation: Your spells are a little easier to cast,
                  | but a little less powerful. [mutagenic glow]
 10905 | D:11     | Lost mutation: Your body sometimes deteriorates upon taking
                  | damage. [potion of mutation]
 10905 | D:11     | Lost mutation: Your spells are a little easier to cast, but
                  | a little less powerful. [potion of mutation]
 10905 | D:11     | Lost mutation: You are agile. (Dex +2) [potion of mutation]
 10905 | D:11     | Lost mutation: Your muscles are very strong. (Str +4)
                  | [potion of mutation]
 10905 | D:11     | Gained mutation: You are dopey. (Int -2) [potion of
                  | mutation]
 10905 | D:11     | Gained mutation: You evolve. [potion of mutation]
 11068 | D:11     | Found a staircase to the Orcish Mines.
 11368 | D:11     | Found Duygrefo's General Store.
 11371 | D:11     | Bought a potion of heal wounds for 60 gold pieces
 11386 | D:11     | Bought a +0 pair of boots for 54 gold pieces
 11404 | D:11     | Noticed a white ugly thing
 11412 | D:11     | Killed a white ugly thing
 11412 | D:11     | Reached skill level 20 in Spellcasting
 11593 | Orc:1    | Entered Level 1 of the Orcish Mines
 11593 | Orc:1    | Noticed an ettin
 11605 | Orc:1    | Killed an ettin
 11699 | Orc:1    | Noticed Josephine
 11767 | Orc:1    | Killed Josephine
 11785 | Orc:1    | Found a flagged portal.
 11794 | Bailey   | Entered a bailey
 11815 | Bailey   | Gained mutation: You have supernaturally acute eyesight.
                  | (SInv) [evolution]
 11954 | Bailey   | Offered knowledge of Conjure Ball Lightning by Vehumet.
 12184 | Orc:1    | Reached skill level 21 in Spellcasting
 12193 | Orc:1    | Noticed an orc warlord
 12197 | Orc:1    | Noticed an orc high priest
 12217 | Orc:1    | Killed an orc high priest
 12239 | Orc:1    | Reached XP level 12. HP: 16/64 MP: 5/39
 12239 | Orc:1    | Killed an orc warlord
 12490 | Orc:1    | Reached skill level 22 in Spellcasting
 12516 | D:11     | Gained mutation: Your body sometimes deteriorates upon
                  | taking damage. [mutagenic glow]
 12563 | D:11     | Gained mutation: You occasionally shout uncontrollably at
                  | your foes. [mutagenic glow]
 13186 | Orc:1    | Hit by a large rock thrown by a cyclops

Levels and vault maps discovered:
D:1:      ebering_trefoil_twist, layout_basic, minmay_crystal_room,
          minmay_pentomino_p4
D:2:      layout_loops_ring, first_ration
D:3:      layout_rooms, grunt_temple_overflow_open, minmay_unequal
D:4:      layout_basic
D:5:      layout_gridville, minmay_temple_entry_waves, lemuel_angel_altar,
          uniq_ijyb, uniq_sigmund, uniq_pikel
D:6:      layout_loops_ring, nicolae_qazlal_eye_of_the_storm, serial_shops,
          nicolae_shop_overgrown_old_shop, shop_fountains
D:7:      layout_basic, grunt_livestock, uniq_duvessa
D:8:      layout_rooms, nicolae_overflow_hidden_temple, lair_entry_dummy,
          serial_shops, shop, nicolae_tso_swordbearing_angel
D:9:      layout_long_grid, minmay_increasing_density
D:10:     layout_basic, st_stairs_14, minmay_ruffians, uniq_maurice
D:11:     layout_roguey, hiddenorc1_lemuel, serial_shops, kennysheep_mini_moat
Temple:   hc_temple_tempest_star
Orc:1:    orc_temple, layout_caves, enter_bailey_1, uniq_josephine

Skill      XL: |  1  2  3  4  5  6  7  8  9 10 11 12 |
---------------+-------------------------------------+-----
Spellcasting   | 5 6 8 10 12 15 18 21 22 | 22.2
Evocations     | 2 3 |  3.0
Dodging        | 3 |  3.0
Stealth        | 3 |  3.0
Fighting       | 2 3 |  3.0
Shields        | 4 |  4.0
Conjurations   | |  1.1
Summonings     | |  1.1
Translocations | |  1.1

Action                   |  1- 3 |  4- 6 |  7- 9 | 10-12 || total
-------------------------+-------+-------+-------+-------++-------
Melee: Unarmed           |     1 |       |       |       ||     1
       Dagger            |       |    64 |    62 |   140 ||   266
       Falchion          |       |    10 |       |       ||    10
 Cast: Magic Dart        |    82 |   199 |    19 |       ||   300
       Call Imp          |     1 |     6 |     4 |       ||    11
       Mephitic Cloud    |       |     1 |    12 |    11 ||    24
       Blink             |       |     1 |       |     4 ||     5
       Shock             |       |       |   248 |   257 ||   505
       Conjure Flame     |       |       |     2 |       ||     2
       Bolt of Magma     |       |       |       |    50 ||    50
       Irradiate         |       |       |       |    28 ||    28
 Abil: Evoke Invisibilit |       |       |       |     1 ||     1
Evoke: Wand              |       |     4 |    12 |    16 ||    32
  Use: Scroll            |       |     3 |     8 |     9 ||    20
       Potion            |       |       |       |     5 ||     5
 Stab: Sleeping          |       |     1 |     2 |     2 ||     5
       Confused          |       |       |     7 |     5 ||    12
  Eat: Chunk             |       |     8 |     8 |    19 ||    35
       Ration            |       |       |     1 |       ||     1
Armor: Robe              |     6 |    80 |    20 |    52 ||   158
Dodge: Dodged            |    17 |   159 |   110 |   180 ||   466
Block: Buckler           |       |       |    17 |    49 ||    66
       Rpst.: Falchion   |       |    17 |       |       ||    17

Table legend:
 A = Non-vault XP
 B = Vault XP
 C = Vault XP percentage of total XP
 D = Non-vault monster count
 E = Vault monster count
 F = Vault count percentage of total count
                 A         B        C        D         E       F
            +---------+---------+-------+---------+---------+-------
      Total |   16450 |   10171 |  38.2 |     287 |      91 |  24.1
            +---------+---------+-------+---------+---------+-------
        D:1 |      80 |      15 |  15.8 |      39 |       6 |  13.3
        D:2 |      54 |       0 |   0.0 |      30 |       0 |   0.0
        D:3 |     445 |      15 |   3.3 |      35 |       2 |   5.4
        D:4 |     835 |       0 |   0.0 |      21 |       0 |   0.0
        D:5 |     213 |     830 |  79.6 |       7 |       3 |  30.0
        D:6 |    1289 |       0 |   0.0 |      28 |       0 |   0.0
        D:7 |    1059 |    1181 |  52.7 |      24 |       7 |  22.6
        D:8 |    2237 |       0 |   0.0 |      26 |       0 |   0.0
        D:9 |    1665 |     127 |   7.1 |      19 |       2 |   9.5
       D:10 |    1312 |    1489 |  53.2 |      19 |       7 |  26.9
       D:11 |    3174 |     359 |  10.2 |      24 |      18 |  42.9
      Orc:1 |    4087 |    5680 |  58.2 |      15 |      19 |  55.9
     Bailey |       0 |     475 | 100.0 |       0 |      27 | 100.0
            +---------+---------+-------+---------+---------+-------
